 Dungeon Crawl Stone Soup version 0.31-a0-521-gc7390f8997 (webtiles) character file.

Game seed: 15868375071942504663

246 Gelion the Changeling (level 6, -7/41 HPs)
             Began as an Octopode Shapeshifter on Aug 11, 2023.
             Mangled by an iguana (11 damage)
             ... on level 4 of the Dungeon.
             The game lasted 00:04:03 (2808 turns).

Gelion the Changeling (Octopode Shapeshifter)       Turns: 2808, Time: 00:04:04

Health: -7/41      AC: -3    Str: 14    XL:     6   Next: 11%
Magic:  6/6        EV: 13    Int: 11    God:
Gold:   122        SH:  0    Dex: 14    Spells: 5/5 levels left

rFire   . .          .
                       - Unarmed
rCold   . . .        (no shield)
rNeg    . . .        (helmet currently unavailable)
rPois   .            (no amulet)
rElec   .            (no ring)
rCorr   .            (no ring)
SInv    .            (no ring)
Will    .....        (no ring)
Stlth   ++           (no ring)
HPRegen 0.26/turn    (no ring)
MPRegen 0.10/turn    (no ring)
                     (no ring)

%: no passive effects
@: beast-form, corroded
A: beast (slay +3), almost no armour, amphibious, 8 rings, camouflage 1,
gelatinous body 1, (nimble swimmer 1), tentacles
a: Begin Untransformation


You were on level 4 of the Dungeon.
You were a hulking beast.
You visited 1 branch of the dungeon, and saw 4 of its levels.

You collected 122 gold pieces.

Inventory:

Talismans
 b - a beast talisman (active)
 c - a flux talisman
Scrolls
 a - 2 scrolls of identify
 d - 2 scrolls of brand weapon {unknown}
 e - a scroll of poison {unknown}
 f - a scroll of teleportation
 g - a scroll of enchant armour {unknown}
 h - a scroll of enchant weapon {unknown}
 i - 2 scrolls of amnesia {unknown}
 j - 2 scrolls of immolation {unknown}
 k - a scroll of vulnerability {unknown}
 o - a scroll of fog {unknown}
 p - 3 scrolls of revelation {unknown}
Potions
 l - a potion of magic {unknown}
 m - a potion of curing
 n - a potion of resistance {unknown}
 q - a potion of degeneration {unknown}


   Skills:
 + Level 2.9 Fighting
 - Level 2.0 Dodging
 + Level 4.2 Unarmed Combat
 * Level 4.6 Shapeshifting


You had 5 spell levels left.
You didn't know any spells.
Your spell library was empty.

Dungeon Overview and Level Annotations

Branches:
Dungeon (4/15)
 Temple: D:4-7

Altars:
Vehumet

Shops:
D:1 :

Annotations:
D:3 exclusion: statue


Innate Abilities, Weirdness & Mutations

You are a hulking beast.
Your limbs bulge with bestial killing power. (Slay +3)
You cannot wear most types of armour.
You are amphibious.
You can wear up to eight rings at the same time.
Your skin changes colour to match your surroundings (Stealth+).
Your rubbery body absorbs attacks. (AC +1, EV +1)
((You are camouflaged when in or above water. (Stealth+)))
You have tentacles for arms and can constrict up to eight enemies at once.


Message History

A goblin comes into view. It is wielding a +0 club.
The goblin closely misses you.
You bludgeon the ball python!
You kill the ball python!
An iguana comes into view.
The goblin hits you but does no damage.
A jelly comes into view.
The iguana hisses angrily.
You bludgeon the goblin!
You kill the goblin!
You completely miss the goblin. Your grab misses the goblin.
The goblin misses you. The goblin attacks as you move away!
The goblin hits you with a +0 dagger.
You see here a +0 club.
You tentacle-slap the jelly.
Your tentacles burn!
The jelly is lightly wounded.
The jelly misses you.
An iguana comes into view.
You tentacle-slap the jelly.
Your tentacles burn!
The jelly is moderately wounded.
The jelly hits you.
You are splashed with acid!
You tentacle-slap the jelly.
Your tentacles burn!
The jelly is heavily wounded.
The jelly hits you. The acid corrodes you!
You are splashed with acid!
* * * LOW HITPOINT WARNING * * *
You bludgeon the jelly!
Your tentacles burn!
* * * LOW HITPOINT WARNING * * *
The jelly is almost dead.
The iguana barely misses you. The jelly barely misses you.
You tentacle-slap the jelly.
You kill the jelly!
An orc comes into view. It is wielding a +0 club.
The iguana closely misses you.
You have reached level 6!
As you read the scroll labelled ITHROR NIREKEBI, it crumbles to dust.
It is a scroll of identify.
f - a scroll of teleportation The orc shouts!
You hear a shout!
The iguana bites you!
You die...

#.# # ##. #... .#..
. ...###...# ..
###o#.##.. .##
#........# ...
......#.# ..
#.#....###.#
#.###......hgl.#
#........##l#.......
######.....s....#.#.
#....###.##.#.#
#.#### #......# #.#
###..... #.# #..[.#
#.# ###.. #.#


You could see a scorpion, 2 iguanas, an orc and a goblin.

Vanquished Creatures
  A jelly (D:4)
  7 adders
  7 gnolls
  3 dart slugs
  An orc (D:4)
  5 endoplasms
  4 giant cockroaches
  7 goblins
  6 hobgoblins
  13 jackals
  6 kobolds
  7 ball pythons
  5 bats
  4 frilled lizards
  3 rats
79 creatures vanquished.

Notes
Turn   | Place    | Note
-------+----------+-------------------------------------------
     0 | D:1      | Gelion the Octopode Shapeshifter began the quest for the
                  | Orb.
     0 | D:1      | Reached XP level 1. HP: 13/13 MP: 1/1
    32 | D:1      | Reached XP level 2. HP: 16/18 MP: 2/2
   193 | D:1      | Found Cavvuev's Book Shoppe.
   294 | D:1      | Reached XP level 3. HP: 15/23 MP: 3/3
  1226 | D:2      | Reached XP level 4. HP: 27/29 MP: 4/4
  1860 | D:3      | Reached XP level 5. HP: 9/35 MP: 5/5
  2367 | D:3      | Found a radiant altar of Vehumet.
  2367 | D:3      | Noticed a frost-covered statue
  2808 | D:4      | Reached XP level 6. HP: 4/41 MP: 6/6
  2808 | D:4      | Mangled by an iguana

Illustrated notes

Levels and vault maps discovered:
D:1:      evilmike_arrival_crescent, layout_basic, serial_shops,
          nicolae_shop_behind_doors, chequers_serial_rivers_large_b
D:2:      layout_loops_ring, serial_bayou, serial_bayou_lagoon_b,
          serial_bayou_shore_a, serial_bayou_lake_a, serial_bayou_pond_c,
          serial_bayou_pond_a
D:3:      layout_basic, vehumet_statue, minivault_4
D:4:      layout_basic, nicolae_qazlal_beasts_of_the_sky,
          minmay_fractal_squares_5

Skill      XL: |  1  2  3  4  5 |
---------------+----------------+-----
Fighting       | 2 |  2.9
Shapeshifting  | 4 |  4.6
Unarmed Combat | 4 |  4.2
Dodging        | |  2.0

Action                     |  1- 3 |  4- 6 || total
---------------------------+-------+-------++-------
  Melee: Unarmed           |    72 |    82 ||   154
         Constrict         |    20 |    25 ||    45
         Tentacles         |    15 |    15 ||    30
         Punch             |       |     1 ||     1
    Use: Potion            |     1 |     1 ||     2
         Scroll            |       |     1 ||     1
   Stab: Sleeping          |     5 |     4 ||     9
 Armour: Skin              |     8 |    12 ||    20
  Dodge: Dodged            |    35 |    37 ||    72

Table legend: (Time is in decaauts)
 A = Elapsed time spent in this place.
 B = Non-inter-level travel time spent in this place.
 C = Inter-level travel time spent in this place.
 D = Time resting spent in this place.
 E = Time spent auto-exploring this place.
 F = Levels seen in this place.
 G = Mean time per level.
                   A        B        C        D        E       F      G
               +--------+--------+--------+--------+--------+-----+--------+
         Total |   2797 |   2739 |     58 |    198 |   2145 |   4 |  699.2 |
       Dungeon |   2797 |   2739 |     58 |    198 |   2145 |   4 |  699.2 |
               +--------+--------+--------+--------+--------+-----+--------+

Top non-repeatable levels by time:
     D:2: 982 daAuts
     D:1: 851 daAuts
     D:3: 822 daAuts
     D:4: 141 daAuts
